 Dungeon Crawl Stone Soup version 0.25-a0-1079-g858b6a6ff6 (webtiles) character file.

Game seed: 15144661539565861618, levelgen mode: deterministic

64 Esekla the Magician (level 4, -2/27 HPs)
             Began as an Octopode Wizard on May 15, 2020.
             Slain by Prince Ribbit (14 damage)
             ... on level 5 of the Dungeon.
             The game lasted 00:13:23 (2190 turns).

Esekla the Magician (Octopode Wizard)               Turns: 2190, Time: 00:13:24

Health: -2/27      AC:  1    Str:  6    XL:     4   Next: 12%
Magic:  6/9        EV: 13    Int: 20    God:
Gold:   68         SH:  0    Dex: 11    Spells: 1/10 levels left

rFire    . . .     SeeInvis .   d - +0 dagger
rCold    . . .     Gourm    .   (no shield)
rNeg     . . .     Faith    .   a - +0 hat
rPois    .         Spirit   .   (no amulet)
rElec    .         Reflect  .   n - ring of protection from magic
rCorr    .         Harm     .   (no ring)
MR       +....                  (no ring)
Stlth    +++.......             (no ring)
HPRegen  0.09/turn              (no ring)
MPRegen  0.11/turn              (no ring)
                                (no ring)
                                (no ring)

@: very slightly contaminated
A: almost no armour, stealthy swim, amphibious, 8 rings, constrict 8, camouflage
1, gelatinous body 1
a: no special abilities


You were on level 5 of the Dungeon.
You were hungry.

You visited 1 branch of the dungeon, and saw 5 of its levels.

You collected 68 gold pieces.

Inventory:

Hand Weapons
 d - a +0 dagger (weapon)
 h - a +0 spear
Missiles
 k - 23 poisoned darts (quivered)
Armour
 a - a +0 hat (worn)
Jewellery
 n - a ring of protection from magic (left tentacle)
Wands
 s - a wand of paralysis (8)
Scrolls
 b - 2 scrolls of blinking {unknown}
 e - 4 scrolls of identify {unknown}
 g - 2 scrolls of enchant armour {unknown}
 i - a scroll of remove curse {unknown}
 q - a scroll of fog {unknown}
 r - a scroll of noise {unknown}
 t - a scroll of amnesia {unknown}
Potions
 f - a potion of brilliance {unknown}
 j - a potion of curing
 l - a potion of might {unknown}
 m - 2 potions of heal wounds {unknown}
 o - 2 potions of mutation {unknown}
 p - 2 potions of haste {unknown}
 u - a potion of flight {unknown}
Comestibles
 c - 7 rations


   Skills:
 * Level 0.8 Fighting
 * Level 2.4 Dodging
 - Level 2.6 Stealth
 * Level 3.9 Spellcasting
 + Level 1.5 Conjurations
   Level 1.0 Summonings
 * Level 1.1 Translocations
 * Level 0.1 Air Magic


You had one spell level left.
You knew the following spells:

 Your Spells              Type           Power        Failure   Level  Hunger
a - Magic Dart            Conj           ##..         7%          1    None
b - Blink                 Tloc           N/A          12%         2    ##.....
c - Mephitic Cloud        Conj/Pois/Air  #.......     30%         3    ###....
f - Conjure Flame         Conj/Fire      #.......     28%         3    ###....

Your spell library contained the following spells:

 Spells                   Type           Power        Failure   Level  Hunger
 Call Imp                 Summ           #.......     13%         2    ##.....
 Slow                     Hex            #.......     21%         2    ##.....


Dungeon Overview and Level Annotations

Branches:
Dungeon (5/15)
 Temple: D:4-7

Altars:
Gozag

Shops:
D:3 *

Annotations:
D:5 Prince Ribbit


Innate Abilities, Weirdness & Mutations

You cannot wear most types of armour.
You are very stealthy in the water. (Stealth+)
You are amphibious.
You can wear up to eight rings at the same time.
You can use your tentacles to constrict eight enemies at once.
Your skin changes colour to match your surroundings (Stealth+).
Your rubbery body absorbs attacks. (AC +1, EV +1)


Message History

Prince Ribbit blinks!
Prince Ribbit blinks!
You see here 2 green potions.
p - 2 green potions
Casting: Magic Dart (safe; 7% risk of failure)
Confirm with . or Enter, or press ? or * to list all spells.
The spell is extremely dangerous to cast (30% risk of failure)!
Continue anyway?
Aiming: Mephitic Cloud (extremely dangerous; 30% risk of failure)
Press: ? - help, Shift-Dir - straight line, f - Prince Ribbit
Aim: Prince Ribbit You miscast Mephitic Cloud.
You are very lightly contaminated with residual magic.
Nothing appears to happen.
You miss Prince Ribbit. You grab Prince Ribbit. You constrict Prince Ribbit.
Prince Ribbit barely misses you. Prince Ribbit hits you!
You hit Prince Ribbit.
Prince Ribbit is lightly wounded.
You constrict Prince Ribbit. Prince Ribbit hits you!
Ouch! That really hurt!
You die...

#...# #...
# #... .#
#.. #.#
#.....
#..####.#.#
........F.#
#@# #.#
...####.###
.......<..#
...####.#.#
....#
......
....####
......


You could see Prince Ribbit.

Vanquished Creatures
  A worker ant (D:4)
  2 adders
  A leopard gecko (D:5)
  3 giant cockroaches
  4 goblins
  A hobgoblin (D:1)
  A quokka (D:4)
  2 bats (D:1)
  A frilled lizard (D:2)
  4 kobolds
  4 rats
24 creatures vanquished.

Notes
Turn   | Place    | Note
-------+----------+-------------------------------------------
     0 | D:1      | Esekla the Octopode Wizard began the quest for the Orb.
     0 | D:1      | Reached XP level 1. HP: 11/11 MP: 4/4
   187 | D:1      | Reached XP level 2. HP: 18/18 MP: 0/6
   565 | D:2      | Learned a level 2 spell: Blink
   840 | D:1      | You fall into a shaft and drop 1 floor!
  1002 | D:2      | Reached XP level 3. HP: 4/22 MP: 5/8
  1372 | D:3      | Found an opulent altar of Gozag.
  1372 | D:3      | Found Gozag's Platinum Reserve.
  1770 | D:4      | HP: 1/22 [worker ant (7)]
  1776 | D:4      | Reached XP level 4. HP: 5/27 MP: 0/9
  2035 | D:4      | Learned a level 3 spell: Mephitic Cloud
  2039 | D:4      | Learned a level 3 spell: Conjure Flame
  2182 | D:5      | Entered Level 5 of the Dungeon
  2184 | D:5      | Noticed Prince Ribbit
  2190 | D:5      | Slain by Prince Ribbit

Illustrated notes

Levels and vault maps discovered:
D:1:      dpeg_arrival_arbitrary_c, layout_loops_ring, supply_closet_lemuel
D:2:      layout_basic, first_ration
D:3:      layout_rooms, nicolae_gozag_zags_fifth_avenue, uniq_grinder,
          uniq_jessica
D:4:      layout_basic, nemelex_altar_shiori, corexii_shack, kennysheep_doodads
D:5:      layout_basic, led_sif_book, uniq_prince_ribbit1,
          uniq_crazy_yiuf_cottage

Action                   |  1- 3 |  4- 6 || total
-------------------------+-------+-------++-------
Melee: Dagger            |    23 |     3 ||    26
       Unarmed           |     4 |       ||     4
       Constrict         |    11 |     1 ||    12
       Tentacles         |     5 |     1 ||     6
Throw: Dart              |     6 |       ||     6
 Cast: Magic Dart        |    45 |       ||    45
  Use: Potion            |     2 |       ||     2
 Stab: Sleeping          |     2 |       ||     2
  Eat: Chunk             |     2 |     1 ||     3
Armor: Skin              |     3 |       ||     3
Dodge: Dodged            |    25 |     2 ||    27

Table legend:
 A = Non-vault XP
 B = Vault XP
 C = Vault XP percentage of total XP
 D = Non-vault monster count
 E = Vault monster count
 F = Vault count percentage of total count
                 A         B        C        D         E       F
            +---------+---------+-------+---------+---------+-------
      Total |      92 |       0 |   0.0 |      24 |       0 |   0.0
            +---------+---------+-------+---------+---------+-------
        D:1 |      19 |       0 |   0.0 |      12 |       0 |   0.0
        D:2 |      22 |       0 |   0.0 |       8 |       0 |   0.0
        D:4 |      48 |       0 |   0.0 |       3 |       0 |   0.0
        D:5 |       3 |       0 |   0.0 |       1 |       0 |   0.0
            +---------+---------+-------+---------+---------+-------
